 Dungeon Crawl Stone Soup version 0.31-a0-222-gefeffbb62a (webtiles) character file.

Game seed: 1111161693846633535

20 innerfire43 the Trooper (level 2, 0/24 HPs)
             Began as a Demonspawn Monk on July 5, 2023.
             Slain by a goblin
             ... wielding a +0 dagger
              (2 damage)
             ... on level 2 of the Dungeon.
             The game lasted 00:00:37 (612 turns).

innerfire43 the Trooper (Demonspawn Monk)            Turns: 612, Time: 00:00:38

Health: 0/24       AC:  2    Str: 11    XL:     2   Next: 58%
Magic:  2/2        EV: 13    Int: 11    God:
Gold:   28         SH:  4    Dex: 15    Spells: 1/1 levels left

rFire   . . .        h - +2 dagger (venom)
rCold   . . .        d - orb {light}
rNeg    . . .        b - +0 robe
rPois   .            (no helmet)
rElec   .            (no cloak)
rCorr   .            (no gloves)
SInv    .            (no boots)
Will    .....        (no amulet)
Stlth   +            (no ring)
HPRegen 0.24/turn    (no ring)
MPRegen 0.08/turn

%: no passive effects
@: glowing
A: condensation shield
a: no special abilities


You were on level 2 of the Dungeon.
You visited 1 branch of the dungeon, and saw 2 of its levels.

You collected 28 gold pieces.

Inventory:

Hand Weapons
 a - a +0 hand axe
 h - a +2 dagger of venom (weapon)
Armour
 b - a +0 robe (worn)
 d - an orb of light (worn)
Scrolls
 e - 2 scrolls of identify {unknown}
 g - a scroll of teleportation {unknown}
 j - a scroll of noise {unknown}
 k - a scroll of poison {unknown}
Potions
 c - a potion of ambrosia
 f - a potion of curing {unknown}
 i - a potion of attraction {unknown}


   Skills:
 + Level 3.2 Fighting
 * Level 0.5 Short Blades
 - Level 2.9 Axes
 + Level 3.0 Dodging


You had one spell level left.
You didn't know any spells.
Your spell library was empty.

Dungeon Overview and Level Annotations

Branches:
Dungeon (2/15)

Altars:

Shops:
D:1 ?


Innate Abilities, Weirdness & Mutations

A meltable shield of frost defends you. (SH +4)


Message History

The goblin unwields a +0 dagger.
The goblin wields a +0 sling.
The goblin shoots a sling bullet.
You block the sling bullet. The kobold misses you.
You barely miss the kobold. The kobold hits you with a +0 whip.
There are monsters nearby!
You barely miss the kobold.
The goblin shoots a sling bullet.
The sling bullet hits you. The kobold hits you with a +0 whip.
There are monsters nearby!
You hit the kobold.
The kobold is moderately wounded.
The goblin shoots a sling bullet.
The sling bullet closely misses you. The kobold hits you with a +0 whip.
There are monsters nearby!
You are too injured to fight recklessly!
There are monsters nearby!
You are too injured to fight recklessly!
You are too injured to fight recklessly!
Unknown command.
You hit the kobold.
You kill the kobold!
The goblin shoots a sling bullet.
The sling bullet closely misses you.
The goblin shoots a sling bullet.
You block the sling bullet.
You see here a +0 whip.
The goblin shoots a sling bullet.
The sling bullet hits you.
* * * LOW HITPOINT WARNING * * *
The goblin shoots a sling bullet.
You block the sling bullet.
There is a stone staircase leading up here.
The goblin shoots a sling bullet.
The sling bullet hits you but does no damage.
The goblin shoots a sling bullet.
The sling bullet hits you.
* * * LOW HITPOINT WARNING * * *
The goblin shoots a sling bullet.
The sling bullet hits you.
* * * LOW HITPOINT WARNING * * *
The goblin shoots a sling bullet.
The sling bullet barely misses you.
The goblin unwields a +0 sling.
The goblin wields a +0 dagger.
The goblin closely misses you.
You hit the goblin.
The goblin is poisoned.
The goblin is severely wounded.
The goblin hits you with a +0 dagger.
You die...

##### ### ### #....
...... ..# #.#.##
#....# #.#
###.#.!###.##.# #.#
####.#.#...##.##.#
#.#
..............##.#
#.#
#.#....♣.♣...##.##
#.#
#..g@...........###..
##..♣....)♣.........#
#.....<........###.#
#.#.......#.#.## #.#
#.##.....###..# #.#
#. ####### ##.# #.# #
.## #.# . #.# .. #.#


You could see a goblin (very poisoned).

Vanquished Creatures
  A dart slug (D:1)
  An endoplasm (D:1)
  3 giant cockroaches (D:1)
  2 kobolds
  A ball python (D:1)
  A bat (D:1)
  2 frilled lizards (D:1)
  4 goblins (D:1)
  4 rats (D:1)
19 creatures vanquished.

Notes
Turn   | Place    | Note
-------+----------+-------------------------------------------
     0 | D:1      | innerfire43 the Demonspawn Monk began the quest for the
                  | Orb.
     0 | D:1      | Reached XP level 1. HP: 18/18 MP: 1/1
   165 | D:1      | Gained mutation: A meltable shield of frost defends you.
                  | (SH +4) [demonic ancestry]
   165 | D:1      | Reached XP level 2. HP: 20/24 MP: 2/2
   511 | D:1      | Found Teadio's Magic Scroll Shoppe.
   584 | D:1      | You fall into a shaft and drop 1 floor!
   609 | D:2      | HP: 1/24 [goblin/sling bullet (6)]
   612 | D:2      | Slain by a goblin

Illustrated notes

Levels and vault maps discovered:
D:1:      psy_arrival_statuary, layout_loops_ring, serial_shops,
          nicolae_shop_rolled_up, hangedman_feature_mirror
D:2:      layout_loops_ring, corexii_hall_statues_l, grunt_ministairs_9,
          minmay_tromino_i2

Skill      XL: |  1  2 |
---------------+-------+-----
Dodging        | 3 |  3.0
Fighting       | |  3.2
Short Blades   | |  0.5
Axes           | |  2.9

Action                     || total
---------------------------++-------
  Melee: Hand axe          ||    25
         Dagger            ||    16
 Armour: Robe              ||     6
  Dodge: Dodged            ||    27
  Block: Orb               ||     4

Table legend: (Time is in decaauts)
 A = Elapsed time spent in this place.
 B = Non-inter-level travel time spent in this place.
 C = Inter-level travel time spent in this place.
 D = Time resting spent in this place.
 E = Time spent auto-exploring this place.
 F = Levels seen in this place.
 G = Mean time per level.
                   A        B        C        D        E       F      G
               +--------+--------+--------+--------+--------+-----+--------+
         Total |    615 |    610 |      5 |      0 |    490 |   2 |  307.5 |
       Dungeon |    615 |    610 |      5 |      0 |    490 |   2 |  307.5 |
               +--------+--------+--------+--------+--------+-----+--------+

Top non-repeatable levels by time:
     D:1: 587 daAuts
     D:2: 27 daAuts
